3AA
WESTWOOD SIXSHOOTERS @ FT. POLK SOUTH THUNDER HAWKS
06/03/2025
 
TOP OF THE 1ST
Westwood Sixshooters batting - Pitching for Ft. Polk South Thunder Hawks : LHP Gary Barber
Pitching: LHP Gary Barber
Batting: RHB Jesús Vargas 0-0: Called Strike
0-1: Ball
1-1: Ball
2-1: Foul Ball, location: 2F
2-2: Foul Ball, location: 2F
2-2: Foul Ball, location: 2F
2-2: Foul Ball, location: 2F
2-2: SINGLE (Groundball, 56D)
Batting: RHB Nelson Abbey 0-0: Foul Ball, location: 2F
0-1: Called Strike
0-2: Ball
1-2: Ball
2-2: Foul Ball, location: 2F
2-2: Strikes out swinging
Batting: SHB Arsenio Sameiro 0-0: Ball
1-0: Called Strike
1-1: Foul Ball, location: 2F
1-2: SINGLE (Flyball, 8RS)
Jesús Vargas to second
Jesús Vargas to third
Batting: LHB Chia-ch'ing Dodman 0-0: Fly out, F9 (Flyball, 9D)
Runner from 3rd tags up, SCORES, no throw
Batting: RHB Jason Boyer 0-0: Called Strike
0-1: Swinging Strike
0-2: Strikes out looking
Top of the 1st over - 1 run(s), 2 hit(s), 0 error(s), 1 left on base; Westwood 1 - Ft. Polk South 0
BOTTOM OF THE 1ST
Ft. Polk South Thunder Hawks batting - Pitching for Westwood Sixshooters : RHP Nicholas Adams
Pitching: RHP Nicholas Adams
Batting: RHB Pablo Marrero 0-0: Ball
1-0: Ground out 6-3 (Groundball, 6S)
Batting: LHB Miguel Martínez 0-0: Ball
1-0: Called Strike
1-1: Foul Ball, location: 2F
1-2: Strikes out swinging
Batting: RHB Néstor Berino 0-0: Ball
1-0: Foul Ball, location: 2F
1-1: Swinging Strike
1-2: SINGLE (Line Drive, 78S)
Batting: RHB David Phipps 0-0: Swinging Strike
0-1: Ball
1-1: Called Strike
1-2: Ball
2-2: Foul Ball, location: 2F
2-2: Fly out, F9 (Flyball, 9)
Bottom of the 1st over - 0 run(s), 1 hit(s), 0 error(s), 1 left on base; Westwood 1 - Ft. Polk South 0
TOP OF THE 2ND
Westwood Sixshooters batting - Pitching for Ft. Polk South Thunder Hawks : LHP Gary Barber
Batting: LHB Jim Schlossnagle 0-0: Called Strike
0-1: Foul Ball, location: 2F
0-2: Strikes out swinging
Batting: RHB Pedro Cortés 0-0: SINGLE (Groundball, 56D)
Batting: RHB Leo Shoemaker 0-0: Called Strike
0-1: Ball
1-1: Ball
2-1: Ball
3-1: Base on Balls
Pedro Cortés to second
Batting: LHB Orlando López 0-0: Called Strike
0-1: Ground out 4-3 (Groundball, 34D)
Pedro Cortés to third
Leo Shoemaker to second
Batting: RHB Jesús Vargas 0-0: Called Strike
0-1: Ball
1-1: Foul Ball, location: 2F
1-2: Strikes out looking
Top of the 2nd over - 0 run(s), 1 hit(s), 0 error(s), 2 left on base; Westwood 1 - Ft. Polk South 0
BOTTOM OF THE 2ND
Ft. Polk South Thunder Hawks batting - Pitching for Westwood Sixshooters : RHP Nicholas Adams
Batting: RHB Iván Hernández 0-0: Swinging Strike
0-1: Ball
1-1: Foul Ball, location: 2F
1-2: Ground out 1-3 (Groundball, 13)
Batting: RHB José Sosa 0-0: Fly out, F8 (Line Drive, 8RD)
Batting: LHB Jim Unknown 0-0: Ground out 3-1 (Groundball, 34S)
Bottom of the 2nd over - 0 run(s), 0 hit(s), 0 error(s), 0 left on base; Westwood 1 - Ft. Polk South 0
TOP OF THE 3RD
Westwood Sixshooters batting - Pitching for Ft. Polk South Thunder Hawks : LHP Gary Barber
Batting: RHB Nelson Abbey 0-0: Ball
1-0: Ball
2-0: Ground out 5-3 (Groundball, 56S)
Batting: SHB Arsenio Sameiro 0-0: SINGLE (Groundball, 6D)
Batting: LHB Chia-ch'ing Dodman 0-0: Foul Ball, location: 2F
0-1: Ball
1-1: Ball
2-1: Called Strike
2-2: Foul Ball, location: 2F
2-2: Ball
3-2: Base on Balls
Arsenio Sameiro to second
Batting: RHB Jason Boyer 0-0: Called Strike
0-1: Ball
1-1: Swinging Strike
1-2: Ball
2-2: Strikes out swinging
Batting: LHB Jim Schlossnagle 0-0: Called Strike
0-1: Foul Ball, location: 2F
0-2: Ball
1-2: Foul Ball, location: 2F
1-2: Strikes out swinging
Top of the 3rd over - 0 run(s), 1 hit(s), 0 error(s), 2 left on base; Westwood 1 - Ft. Polk South 0
BOTTOM OF THE 3RD
Ft. Polk South Thunder Hawks batting - Pitching for Westwood Sixshooters : RHP Nicholas Adams
Batting: RHB Randall Worthington 0-0: Ball
1-0: Foul Ball, location: 2F
1-1: Fly out, F9 (Flyball, 9)
Batting: RHB Pedro Méndez 0-0: Called Strike
0-1: Fly out, F6 (Popup, 56D)
Batting: RHB Pablo Marrero 0-0: Called Strike
0-1: Foul Ball, location: 2F
0-2: Foul Ball, location: 2F
0-2: Fly out, F7 (Flyball, 7S)
Bottom of the 3rd over - 0 run(s), 0 hit(s), 0 error(s), 0 left on base; Westwood 1 - Ft. Polk South 0
TOP OF THE 4TH
Westwood Sixshooters batting - Pitching for Ft. Polk South Thunder Hawks : LHP Gary Barber
Batting: RHB Pedro Cortés 0-0: Foul Ball, location: 2F
0-1: Ball
1-1: Ball
2-1: Called Strike
2-2: Ground out 2-3 (Groundball, 15S)
Batting: RHB Leo Shoemaker 0-0: Ball
1-0: Ball
2-0: Called Strike
2-1: Ground out 4-3 (Groundball, 4)
Batting: LHB Orlando López 0-0: Foul Ball, location: 2F
0-1: Ball
1-1: Swinging Strike
1-2: Foul Ball, location: 2F
1-2: SINGLE (Groundball, 34D)
Batting: RHB Jesús Vargas 0-0: Fielders Choice at 2nd, 5-4 (Groundball, 56)
Top of the 4th over - 0 run(s), 1 hit(s), 0 error(s), 0 left on base; Westwood 1 - Ft. Polk South 0
BOTTOM OF THE 4TH
Ft. Polk South Thunder Hawks batting - Pitching for Westwood Sixshooters : RHP Nicholas Adams
Batting: LHB Miguel Martínez 0-0: Ball
1-0: Ball
2-0: Called Strike
2-1: Ball
3-1: Base on Balls
Batting: RHB Néstor Berino 0-0: Ball
1-0: Called Strike
1-1: Foul Ball, location: 2F
1-2: Ball
2-2: Foul Ball, location: 2F
2-2: Fly out, F8 (Flyball, 8RM)
Batting: RHB David Phipps 0-0: Ball
1-0: Ball
Miguel Martínez is caught stealing 2nd base
2-0: Ball
3-0: Base on Balls
Batting: RHB Iván Hernández 0-0: Ball
1-0: Swinging Strike
1-1: Ball
Wild Pitch!
David Phipps to second
2-1: Ground out 4-3 (Groundball, 4)
Bottom of the 4th over - 0 run(s), 0 hit(s), 0 error(s), 1 left on base; Westwood 1 - Ft. Polk South 0
TOP OF THE 5TH
Westwood Sixshooters batting - Pitching for Ft. Polk South Thunder Hawks : LHP Gary Barber
Batting: RHB Nelson Abbey 0-0: Foul Ball, location: 2F
0-1: Ball
1-1: SINGLE (Line Drive, 78S)
Batting: SHB Arsenio Sameiro 0-0: Called Strike
0-1: Ball
1-1: Ball
2-1: Foul Ball, location: 2F
2-2: Ball
3-2: SINGLE (Groundball, 6MD)
Nelson Abbey to second
Batting: LHB Chia-ch'ing Dodman 0-0: Swinging Strike
0-1: Called Strike
0-2: Ball
1-2: Ball
2-2: Fielders Choice at 2nd, 6-4 (Groundball, 6)
Nelson Abbey to third
Pitching: RHP Júlio Palácios
Batting: RHB Jason Boyer 0-0: Foul Ball, location: 2F
0-1: Ball
1-1: Ball
2-1: Foul Ball, location: 2F
2-2: Ball
3-2: Foul Ball, location: 2F
3-2: Strikes out swinging
Batting: LHB Jim Schlossnagle 0-0: Foul Ball, location: 2F
0-1: Swinging Strike
0-2: Strikes out swinging
Top of the 5th over - 0 run(s), 2 hit(s), 0 error(s), 2 left on base; Westwood 1 - Ft. Polk South 0
BOTTOM OF THE 5TH
Ft. Polk South Thunder Hawks batting - Pitching for Westwood Sixshooters : RHP Nicholas Adams
Batting: RHB José Sosa 0-0: Ball
1-0: Ball
2-0: Called Strike
2-1: Called Strike
2-2: Foul Ball, location: 2F
2-2: Foul Ball, location: 2F
2-2: SINGLE (Line Drive, 4MD)
Batting: LHB Jim Unknown 0-0: Bunted foul
0-1: Bunted foul
0-2: Ball
1-2: Ball
2-2: Ball
3-2: Base on Balls
José Sosa to second
Batting: RHB Randall Worthington 0-0: Called Strike
0-1: Ball
1-1: Foul Ball, location: 2F
1-2: Ball
2-2: Ball
3-2: Foul Ball, location: 2F
3-2: Base on Balls
José Sosa to third
Jim Unknown to second
Batting: RHB Pedro Méndez 0-0: SINGLE (Groundball, 6MD)
José Sosa scores
Jim Unknown to third
Randall Worthington to second
Batting: RHB Pablo Marrero 0-0: Grounds into fielders choice 6-2 (Groundball, 6)
Randall Worthington to third
Pedro Méndez to second
Batting: LHB Miguel Martínez 0-0: Called Strike
0-1: Swinging Strike
0-2: Ball
1-2: Ball
2-2: Ball
3-2: Foul Ball, location: 2F
3-2: Grounds into fielders choice 4-2 (Groundball, 4)
Pedro Méndez to third
Pablo Marrero to second
Batting: RHB Néstor Berino 0-0: Ball
1-0: Fielders Choice at 2nd, 6-4 (Groundball, 6)
Bottom of the 5th over - 1 run(s), 2 hit(s), 0 error(s), 2 left on base; Westwood 1 - Ft. Polk South 1
TOP OF THE 6TH
Westwood Sixshooters batting - Pitching for Ft. Polk South Thunder Hawks : RHP Júlio Palácios
Batting: RHB Pedro Cortés 0-0: Ball
1-0: Ball
2-0: SINGLE (Flyball, 8LS)
Batting: RHB Leo Shoemaker 0-0: Ball
1-0: Ball
2-0: Ball
3-0: Base on Balls
Pedro Cortés to second
Batting: LHB Orlando López 0-0: Sac Bunt - play at third, runner OUT! 1-6
Leo Shoemaker to second
Batting: RHB Jesús Vargas 0-0: Ball
1-0: Swinging Strike
1-1: TRIPLE (Line Drive, 78M)
Leo Shoemaker scores
Orlando López scores
Batting: RHB Nelson Abbey 0-0: Ball
1-0: Ball
2-0: Swinging Strike
2-1: Ball
3-1: Called Strike
3-2: Base on Balls
Batting: SHB Arsenio Sameiro 0-0: Ball
1-0: Called Strike
1-1: Ball
2-1: Ball
3-1: Base on Balls
Nelson Abbey to second
Batting: LHB Chia-ch'ing Dodman 0-0: Ball
1-0: Called Strike
1-1: Fly out, F4 (Popup, 4MS)
Batting: RHB Jason Boyer 0-0: Called Strike
0-1: Ball
1-1: Fly out, F8 (Flyball, 8RM)
Top of the 6th over - 2 run(s), 2 hit(s), 0 error(s), 3 left on base; Westwood 3 - Ft. Polk South 1
BOTTOM OF THE 6TH
Ft. Polk South Thunder Hawks batting - Pitching for Westwood Sixshooters : RHP Nicholas Adams
Batting: RHB David Phipps 0-0: Ball
1-0: Called Strike
1-1: Ground out 5-3 (Groundball, 56S)
Batting: RHB Iván Hernández 0-0: Called Strike
0-1: Swinging Strike
0-2: Ball
1-2: Ball
2-2: Strikes out swinging
Batting: RHB José Sosa 0-0: Called Strike
0-1: Ground out 5-3 (Groundball, 5)
Bottom of the 6th over - 0 run(s), 0 hit(s), 0 error(s), 0 left on base; Westwood 3 - Ft. Polk South 1
TOP OF THE 7TH
Westwood Sixshooters batting - Pitching for Ft. Polk South Thunder Hawks : RHP Júlio Palácios
Batting: LHB Jim Schlossnagle 0-0: Called Strike
0-1: Ball
1-1: Ball
2-1: SOLO HOME RUN (Line Drive, 9LS), Distance : 343 ft
Pitching: RHP José Molina
Batting: RHB Pedro Cortés 0-0: Called Strike
0-1: Ball
1-1: Foul Ball, location: 2F
1-2: Ball
2-2: Strikes out looking
Batting: RHB Leo Shoemaker 0-0: Ball
1-0: Ball
2-0: Ground out 5-3 (Groundball, 56)
Batting: LHB Orlando López 0-0: Called Strike
0-1: Ball
1-1: Ball
2-1: Ground out 4-3 (Groundball, 4)
Top of the 7th over - 1 run(s), 1 hit(s), 0 error(s), 0 left on base; Westwood 4 - Ft. Polk South 1
BOTTOM OF THE 7TH
Ft. Polk South Thunder Hawks batting - Pitching for Westwood Sixshooters : RHP Nicholas Adams
Batting: LHB Jim Unknown 0-0: Foul Ball, location: 2F
0-1: Ball
1-1: Fly out, F4 (Line Drive, 4M)
Batting: RHB Randall Worthington 0-0: Ball
1-0: Fly out, F6 (Flyball, 6D)
Batting: RHB Pedro Méndez 0-0: Ground out 6-3 (Groundball, 56D)
Bottom of the 7th over - 0 run(s), 0 hit(s), 0 error(s), 0 left on base; Westwood 4 - Ft. Polk South 1
TOP OF THE 8TH
Westwood Sixshooters batting - Pitching for Ft. Polk South Thunder Hawks : RHP José Molina
Batting: RHB Jesús Vargas 0-0: Ball
1-0: Ball
2-0: Ball
3-0: Called Strike
3-1: Base on Balls
Batting: RHB Nelson Abbey 0-0: Sac Bunt - play at first, batter OUT! U3
Jesús Vargas to second
Batting: SHB Arsenio Sameiro 0-0: Ball
1-0: Ground out U3 (Groundball, 3)
Jesús Vargas to third
Batting: LHB Chia-ch'ing Dodman 0-0: Ball
1-0: Called Strike
1-1: Swinging Strike
1-2: Fly out, F9 (Flyball, 89D)
Top of the 8th over - 0 run(s), 0 hit(s), 0 error(s), 1 left on base; Westwood 4 - Ft. Polk South 1
BOTTOM OF THE 8TH
Ft. Polk South Thunder Hawks batting - Pitching for Westwood Sixshooters : RHP Nicholas Adams
Batting: RHB Pablo Marrero 0-0: Ball
1-0: Ball
2-0: Ball
3-0: Base on Balls
Batting: LHB Miguel Martínez 0-0: Ball
1-0: Called Strike
1-1: Foul Ball, location: 2F
1-2: Ball
2-2: Foul Ball, location: 2F
2-2: Foul Ball, location: 2F
2-2: Ball
3-2: Foul Ball, location: 2F
3-2: Hit by Pitch
Pablo Marrero to second
Pitching: RHP Kevin Samuels
Batting: RHB Néstor Berino 0-0: SINGLE (Groundball, 56D)
Pablo Marrero to third
Miguel Martínez to second
Runner from 3rd tries for Home, SAFE, no throw
Batting: RHB David Phipps 0-0: Ball
1-0: Ball
2-0: Foul Ball, location: 2F
2-1: Ball
3-1: Foul Ball, location: 2F
3-2: Fly out, F8 (Flyball, 89M)
Batting: RHB Iván Hernández 0-0: Called Strike
0-1: Ball
1-1: Foul Ball, location: 2F
1-2: Strikes out looking
Pinch Hitting: RHB Jim Unknown 0-0: Called Strike
0-1: Ball
1-1: Called Strike
1-2: Ball
2-2: DOUBLE (Groundball, 5L)
Miguel Martínez scores
Néstor Berino to third
Batting: LHB Jim Unknown 0-0: Ball
1-0: Called Strike
1-1: Ball
2-1: Foul Ball, location: 2F
2-2: Ball
3-2: Base on Balls
Pinch Hitting: RHB Jim Unknown 0-0: Ball
1-0: Called Strike
1-1: SINGLE (Line Drive, 34D)
Néstor Berino scores
Jim Unknown to third
Jim Unknown to second
Runner from 3rd tries for Home, SAFE, no throw
Batting: RHB Pedro Méndez 0-0: Ball
1-0: Called Strike
1-1: Foul Ball, location: 2F
1-2: Ball
2-2: Foul Ball, location: 2F
Error on foul ball, E5
2-2: Fly out, F8 (Line Drive, 8RM)
Bottom of the 8th over - 4 run(s), 3 hit(s), 1 error(s), 2 left on base; Westwood 4 - Ft. Polk South 5
TOP OF THE 9TH
Westwood Sixshooters batting - Pitching for Ft. Polk South Thunder Hawks : RHP José Molina
Pitching: LHP Jim Unknown
Now at 1B: Jim Unknown
Now at 3B: Guomez Nabeiro
Batting: RHB Jason Boyer 0-0: Called Strike
0-1: Foul Ball, location: 2F
0-2: Ball
1-2: SINGLE (Line Drive, 6D)
Batting: LHB Jim Schlossnagle 0-0: Sac Bunt - play at second, runner OUT! 1-6
Pinch Hitting: RHB Richard Hicks 0-0: Ball
1-0: Foul Ball, location: 2F
1-1: Ball
2-1: SINGLE (Groundball, 56D)
Jim Schlossnagle to second
Batting: RHB Leo Shoemaker 0-0: Ball
1-0: Foul Ball, location: 2F
1-1: Swinging Strike
1-2: 3-RUN HOME RUN (Flyball, 7D), Distance : 362 ft
Pitching: RHP Jim Unknown
Batting: LHB Orlando López 0-0: Called Strike
0-1: Ground out 1-3 (Groundball, 13)
Batting: RHB Jesús Vargas 0-0: Ball
1-0: Ground out 5-3 (Groundball, 56)
Top of the 9th over - 3 run(s), 3 hit(s), 0 error(s), 0 left on base; Westwood 7 - Ft. Polk South 5
BOTTOM OF THE 9TH
Ft. Polk South Thunder Hawks batting - Pitching for Westwood Sixshooters : RHP Kevin Samuels
Pitching: RHP Alfredo Hernández
Now at C: Richard Hicks
Now at 2B: Winston Sparks
Now in RF: Chris Whiteside
Batting: RHB Pablo Marrero 0-0: Ball
1-0: Called Strike
1-1: Foul Ball, location: 2F
1-2: Ball
2-2: Ball
3-2: SINGLE (Line Drive, 7LS)
Batting: LHB Miguel Martínez 0-0: Called Strike
0-1: Ball
1-1: SINGLE (Groundball, 34D)
Pablo Marrero to second
Runner from 2nd tries for 3rd, OUT!
Miguel Martínez to second
Batting: RHB Néstor Berino 0-0: SINGLE (Groundball, 25) (infield hit)
Miguel Martínez to third
Batting: RHB David Phipps 0-0: Foul Ball, location: 2F
0-1: Ball
1-1: Ball
2-1: Fly out, F9 (Flyball, 9LS)
Batting: RHB Iván Hernández 0-0: Foul Ball, location: 2F
0-1: Ball
1-1: Ball
2-1: SINGLE (Flyball, 8RS)
Miguel Martínez scores
Néstor Berino to second
Batting: LHB Guomez Nabeiro 0-0: Ball
1-0: Foul Ball, location: 2F
1-1: Fly out, F7 (Flyball, 78M)
Bottom of the 9th over - 1 run(s), 4 hit(s), 0 error(s), 2 left on base; Westwood 7 - Ft. Polk South 6
Friday, December 30th, 2016 - OOTP Baseball 17.12 Build 75